Map: Lightshade LE

Players

Serral - Winner!

  • Race: Zerg Zerg
  • League: Master

Lambo

  • Race: Zerg Zerg
  • League: Grandmaster

Event: DreamHack SC2 Masters 2021 Summer

VOD

Have the link to the VOD?

Description

Time

  • Played on: May 30, 2021, 2:05 p.m.
  • Length: 11:33

All games in this series

Show
View Real Time Build Order
Export as new Build Order

Serral Zerg - Winner!

Build Orders: Hatch First 

Get SALT Encoding   

  12  0:00  Drone  
  13  0:12  Overlord  
  13  0:17  Drone  
  14  0:30  Drone x2  
  16  0:47  Hatchery  
  15  0:50  Drone  
  15  0:54  Drone  
  17  1:07  Spawning Pool  
  17  1:11  Drone  
  17  1:12  Extractor  
  17  1:15  Drone  
  17  1:20  Drone  
  18  1:27  Drone  
  19  1:38  Drone  
  20  1:48  Overlord  
  20  1:54  Queen  
  20  1:59  Queen  
  20  2:00  Drone, Zergling x2  
  26  2:10  Drone  
  26  2:11  Drone  
  26  2:13  Metabolic Boost  
  28  2:21  Drone  
  28  2:22  Drone  
  30  2:31  Zergling x2  
  30  2:36  Hatchery  
  30  2:40  Drone  
  30  2:42  Drone  
  32  2:47  Baneling Nest  
  31  2:51  Overlord  
  31  2:54  Drone  
  31  2:56  Zergling x2  
  33  3:04  Zergling x2  
  34  3:06  Drone x2  
  34  3:10  Drone x2  
  34  3:11  Zergling x2  
  34  3:12  Zergling x2  
  40  3:15  Zergling x2  
  40  3:17  Zergling x2  
  42  3:26  Queen  
  44  3:30  Baneling x2  
  44  3:32  Overlord  
  43  3:36  Zergling x2  
  43  3:41  Evolution Chamber  
  42  3:42  Zergling x4  
  42  3:43  Baneling  
  42  3:48  Drone  
  44  3:51  Drone x5  
  44  3:53  Zergling x2  
  44  3:55  Drone  
  51  3:59  Drone  
  52  4:07  Zerg Missile Weapons Level 1  
  52  4:08  Roach Warren  
  52  4:09  Drone  
  52  4:11  Drone  
  52  4:13  Extractor  
  52  4:14  Drone  
  53  4:18  Overlord  
  53  4:19  Drone  
  53  4:21  Drone  
  53  4:22  Drone  
  56  4:27  Zergling x2  
  56  4:29  Baneling  
  56  4:32  Drone  
  56  4:38  Lair  
  57  4:40  Overlord  
  57  4:41  Extractor  
  57  4:43  Overlord  
  57  4:45  Overlord  
  56  4:46  Drone x3  
  56  4:47  Drone  
  56  4:48  Drone  
  56  4:49  Drone  
  56  4:51  Extractor  
  61  4:55  Drone x2  
  61  4:56  Drone x2  
  61  4:58  Drone  
  66  5:01  Drone x2  
  66  5:02  Drone  
  66  5:05  Drone x2  
  70  5:20  Drone  
  70  5:21  Drone  
  72  5:22  Drone  
  72  5:24  Drone, Overlord  
  72  5:25  Drone x8  
  72  5:28  Extractor, Pneumatized Carapace  
  81  5:29  Extractor  
  81  5:31  Drone  
  81  5:32  Roach  
  83  5:37  Roach  
  83  5:40  Roach  
  87  5:43  Overseer  
  87  5:44  Roach  
  87  5:46  Glial Reconstitution  
  87  5:47  Overlord  
  89  5:50  Roach x2  
  89  5:52  Overlord  
  89  5:54  Overlord  
  93  6:00  Roach x3  
  97  6:06  Overlord  
  97  6:09  Drone, Evolution Chamber  
  97  6:10  Roach x2  
  97  6:11  Roach  
  103  6:18  Hatchery  
  102  6:20  Roach  
  102  6:21  Roach  
  102  6:23  Overseer  
  106  6:26  Zerg Missile Weapons Level 2, Overlord x2  
  106  6:30  Roach  
  106  6:31  Roach  
  110  6:42  Roach x7  
  124  6:49  Zerg Ground Armor Level 1  
  124  6:50  Roach x3  
  130  6:56  Roach  
  130  6:57  Roach x3  
  136  7:04  Tunneling Claws, Burrow  
  136  7:07  Drone x4  
  140  7:11  Spore Crawler  
  140  7:12  Roach x3  
  145  7:18  Overlord  
  145  7:20  Overlord  
  145  7:21  Overlord x2  
  145  7:23  Overlord  
  145  7:25  Overlord  
  145  7:29  Overlord  
  145  7:36  Roach x3  
  145  7:37  Roach x3  
  164  7:44  Roach x4  
  164  7:48  Drone x2  
  164  7:49  Spore Crawler  
  164  7:50  Roach  
  164  7:52  Queen  
  164  7:54  Overseer  
  166  7:59  Roach x3  
  166  8:05  Roach x4  
  180  8:11  Roach x4  
  188  8:17  Roach x2  
  188  8:18  Infestation Pit  
  188  8:19  Ravager x5  
  189  8:20  Ravager  
  189  8:25  Roach x3  
  195  8:32  Overlord x2  
  195  8:33  Overlord  
  195  8:46  Roach x4  
  193  8:49  Roach x5  
  193  8:50  Roach  
  193  8:54  Roach x10  
  197  8:58  Roach x4  
  197  9:00  Roach  
  191  9:05  Roach x3  
  191  9:07  Roach x4  
  191  9:08  Roach x5  
  174  9:11  Roach x5  
  174  9:12  Roach  
  174  9:16  Ravager, Roach x2  
  171  9:18  Ravager x4  
  171  9:19  Roach x3  
  171  9:20  Roach  
  177  9:26  Roach x4  
  185  9:39  Roach x2  
  185  9:40  Roach x5  
  185  9:41  Roach x8  
  197  9:51  Extractor  
  197  9:52  Hive, Roach x2  
  200  10:02  Roach x2  
  200  10:03  Hydralisk Den  
  200  10:06  Roach x2  
  199  10:09  Roach x5  
  199  10:12  Roach x5  
  199  10:18  Ravager  
  200  10:33  Roach  
  198  10:35  Roach Warren  
  198  10:40  Roach x2  
  187  10:52  Roach x15  
  187  10:54  Roach x2  
  187  10:56  Roach x17  
  187  10:57  Roach  
  191  11:00  Roach  
  191  11:03  Roach x2  
  176  11:04  Roach  
  176  11:05  Roach  
Show
View Real Time Build Order
Export as new Build Order

Lambo Zerg 

Build Orders: Hatch First 

Get SALT Encoding   

  12  0:00  Drone  
  13  0:13  Overlord  
  13  0:17  Drone  
  14  0:31  Drone x2  
  16  0:47  Hatchery  
  15  0:51  Drone  
  15  0:54  Drone  
  17  0:57  Drone  
  18  1:05  Extractor  
  17  1:13  Spawning Pool  
  17  1:16  Drone  
  17  1:19  Drone  
  18  1:28  Drone  
  19  1:39  Drone  
  20  1:50  Drone  
  21  1:59  Queen x2  
  21  2:00  Zergling x2, Overlord  
  26  2:05  Metabolic Boost  
  26  2:10  Drone  
  26  2:11  Drone  
  28  2:22  Drone  
  29  2:23  Zergling x2  
  30  2:32  Hatchery  
  30  2:35  Drone  
  30  2:40  Drone  
  31  2:44  Overlord  
  31  2:50  Zergling x2  
  32  2:53  Zergling x2  
  33  3:02  Zergling x2  
  34  3:07  Zergling x16  
  42  3:14  Baneling Nest  
  42  3:17  Overlord  
  41  3:24  Overlord  
  41  3:30  Drone  
  41  3:33  Drone  
  42  3:37  Queen  
  42  3:39  Drone x4  
  48  3:44  Drone  
  48  3:45  Drone  
  48  3:46  Drone  
  49  3:52  Drone  
  49  3:54  Drone, Evolution Chamber  
  50  3:56  Drone  
  50  3:59  Drone  
  50  4:00  Extractor  
  51  4:04  Drone x2  
  51  4:06  Drone  
  51  4:09  Baneling x2  
  54  4:11  Drone  
  54  4:12  Drone  
  54  4:14  Drone  
  54  4:16  Overlord  
  57  4:17  Drone  
  57  4:23  Roach Warren  
  57  4:26  Drone x2  
  59  4:33  Drone x5  
  63  4:38  Zerg Missile Weapons Level 1  
  63  4:42  Drone x2  
  63  4:44  Overlord  
  65  4:48  Drone, Lair  
  65  4:51  Drone x2  
  68  4:55  Overlord  
  68  4:57  Extractor  
  68  4:58  Drone x2  
  68  4:59  Drone  
  70  5:03  Drone x3  
  70  5:06  Extractor  
  72  5:08  Drone  
  72  5:11  Drone x2  
  75  5:16  Overlord  
  75  5:18  Drone x5  
  79  5:26  Drone x2  
  79  5:28  Extractor x2, Overlord  
  81  5:30  Overlord  
  81  5:31  Overlord  
  81  5:32  Drone  
  80  5:36  Baneling x2  
  80  5:37  Roach x2  
  80  5:38  Pneumatized Carapace  
  80  5:41  Overlord  
  83  5:43  Roach  
  85  5:54  Roach x2  
  85  5:55  Overlord, Roach x2  
  93  5:59  Drone x2  
  93  6:01  Hatchery  
  93  6:02  Glial Reconstitution  
  93  6:03  Drone, Evolution Chamber  
  93  6:04  Roach x2  
  93  6:06  Baneling  
  93  6:10  Roach x3  
  103  6:16  Overseer  
  103  6:17  Overlord  
  103  6:21  Overlord  
  103  6:24  Roach x3  
  109  6:34  Roach x2  
  109  6:35  Roach x6  
  109  6:37  Zerg Missile Weapons Level 2  
  125  6:44  Overlord  
  127  6:47  Roach x2  
  127  6:53  Roach x4  
  136  6:56  Overlord  
  136  6:59  Overlord  
  133  7:01  Roach x2  
  133  7:02  Ravager  
  133  7:03  Zerg Ground Armor Level 1  
  133  7:08  Overlord  
  138  7:10  Roach x4  
  138  7:14  Roach x2  
  138  7:15  Ravager  
  151  7:16  Overlord  
  151  7:19  Overlord  
  151  7:20  Roach  
  151  7:21  Ravager  
  154  7:24  Roach  
  154  7:25  Roach  
  158  7:33  Roach x5  
  168  7:39  Queen  
  168  7:41  Queen  
  168  7:44  Drone x2, Roach x2  
  170  7:48  Drone x2  
  170  7:53  Overlord  
  170  7:58  Roach x4  
  178  7:59  Ravager x2  
  178  8:01  Ravager x2  
  178  8:04  Roach x2  
  186  8:08  Overlord, Roach  
  186  8:11  Overlord  
  188  8:16  Roach x3  
  194  8:22  Roach x3  
  200  8:46  Roach x3  
  192  8:50  Roach x5  
  192  8:51  Roach  
  192  8:53  Roach x3  
  200  8:58  Roach  
  200  9:01  Roach x3  
  194  9:05  Roach x3  
  194  9:09  Roach  
  171  9:13  Roach x2  
  171  9:15  Roach  
  166  9:18  Roach  
  166  9:30  Roach x4  
  174  9:35  Overseer  
  174  9:38  Overseer, Roach x8  
  186  9:42  Roach x2  
  186  9:45  Roach  
  186  9:50  Roach x3  
  186  9:51  Ravager  
  193  9:56  Roach  
  193  9:59  Ravager x2, Roach x2  
  198  10:04  Roach  
  188  10:07  Roach x2  
  188  10:11  Roach  
  192  10:14  Roach  
  192  10:17  Roach  
  195  10:21  Ravager  
  195  10:22  Ravager x2  
  195  10:23  Ravager  
  195  10:25  Roach  
  196  10:29  Roach x2  
  197  10:36  Roach  
  197  10:41  Roach  
  196  10:44  Roach  
  186  10:50  Roach  
  186  10:53  Roach  
  152  10:58  Roach  
Tags
 
Add a new tag
Caveats
  • Supply blocks, unpowered buildings, or Contaminate may cause inaccurate times.
  • Supply counts are checked every 10 seconds.